[Event "44th Chess Olympiad Open 2022"]
[Site "Chennai"]
[Date "2022.08.02"]
[Round "5.51"]
[White "Rurik Capella"]
[Black "Kobayashi, Atsuhiko"]
[Result "0-1"]
[WhiteElo "1952"]
[BlackElo "2156"]
[Annotator "NA RC"]
[PlyCount "52"]
[EventDate "2022.??.??"]
[TimeControl "60"]

1. e4 g6 2. d4 Bg7 3. f4 d6 4. Nf3 a6 5. Bc4 b5 6. Bb3 Nh6 7. h3 Bb7 8. Qe2 c5 9. c3 Qb6 10. dxc5 dxc5 11. O-O O-O 12. g4 Kh8 13. f5 Nd7 14. g5 Ng8 15.
c4 Qc6 16. Bc2 bxc4 17. Nc3 Ne5 18. Nxe5 Bxe5 19. Bf4 Bd4+ 20. Kh2 f6 21. e5 fxg5 22. Be4 Qc8 23. Bxb7 Qxb7 24. fxg6 Rxf4 25. Rxf4 gxf4 26. Ne4 Qxb2 0-1

[Event "44th Chess Olympiad Open 2022"]
[Site "Chennai"]
[Date "2022.08.02"]
[Round "5.52"]
[White "Al Qudaimi, Basheer"]
[Black "Cilia Vincenti, David"]
[Result "1-0"]
[WhiteElo "2424"]
[BlackElo "1904"]
[Annotator "RC"]
[PlyCount "123"]
[EventDate "2022.??.??"]
[TimeControl "60"]

1. d4 d5 2. Nf3 e6 3. g3 b6 4. Bg2 Bb7 5. O-O Nd7 6. c4 Ngf6 7. cxd5 exd5 8.
Bf4 Be7 9. Nc3 a6 10. Rc1 O-O 11. a3 c5 12. Qb3 c4 13. Qc2 b5 14. Ne5 Nb6 15. Rfd1 Qe8 16. g4 a5 17. g5 Nh5 18. Be3 b4 19. Nb1 f6 20.
gxf6 gxf6 21. Nf3 Qg6 22. Kh1 Kh8 23. Rg1 Qxc2 24. Rxc2 Bc8 25. Bh6 Rg8 26. Nh4 Rg4 27. Nf3 Bf5 28. Rcc1 Bd6 29. h3 Rgg8 30. Nh4 Be6 31. e3 f5 32. Bf3 Nf6 33. Bg5 Raf8 34. axb4 axb4 35. Bxf6+ Rxf6 36. Rxg8+ Kxg8 37. Ng2 f4 38. e4 dxe4 39. Bxe4 Bxh3 40. Nd2 Be6 41. Kg1 Rf7 42. d5 Bxd5 43. Bxd5 Nxd5 44. Rxc4 f3 45. Nh4 Rf4 46. Rc8+ Kf7 47. Nhxf3 Be7 48. b3 Bf6 49. Rc5 Nc3 50. Kg2 Kg6 51. Rc6 h5 52. Nc4 Rg4+ 53. Kf1 Re4 54. Nfe5+ Kf5 55. Nd3 Be7 56. Ne3+ Kg5 57. f4+ Kh4 58. Ng2+ Kg3 59. Rg6+ Kh2 60. Nf2 Rd4 61. Ne3 Ne4 62. Rg2# 1-0

[Event "44th Chess Olympiad Open 2022"]
[Site "Chennai"]
[Date "2022.08.02"]
[Round "5.52"]
[White "Al-Aqrabi, Saleh"]
[Black "Vella, Duncan"]
[Result "1-0"]
[WhiteElo "2172"]
[BlackElo "1985"]
[Annotator "NA RC"]
[PlyCount "77"]
[EventDate "2022.??.??"]
[TimeControl "60"]

1. d4 Nf6 2. Bf4 g6 3. e3 Bg7 4. h3 d6 5. c3 O-O 6. Nd2 Nbd7 7. Ngf3 c5 8. Be2 b6 9. O-O Bb7 10. Re1 Qc7 11. Bf1 Rfe8 12. a4 a6 13.
Bh2 Ne4 14. Qb3 Nxd2 15. Nxd2 Qc6 16. f3 d5 17. Kh1 e5 18.
dxe5 Bxe5 19. Bxe5 Nxe5 20. e4 Qe6 21. exd5 Bxd5 22. c4 Bb7 23.
f4 Qd6 24. fxe5 Qxd2 25. Qxb6 Qd7 26. Qxc5 Qxh3+ 27. Kg1 Qg4 28. b4 Rac8 29. Qf2 Qg5 30. Qe3 Qg4 31. c5 Re7 32. b5 axb5 33. axb5 Rce8 34. Qc3 Qd7 35. c6 Qc7 36. Qd4 Bc8 37. Rac1 Rd8 38. Qc5 Bf5 39. b6 1-0

[Event "44th Chess Olympiad Open 2022"]
[Site "Chennai"]
[Date "2022.08.02"]
[Round "5.52"]
[White "Pace, Colin"]
[Black "Al-Zendani, Zendan"]
[Result "0-1"]
[WhiteElo "2159"]
[BlackElo "2284"]
[Annotator "NA RC"]
[PlyCount "124"]
[EventDate "2022.??.??"]
[TimeControl "60"]

1. e4 c5 2. Nf3 e6 3. d4 cxd4 4. Nxd4 Nf6 5. Nc3 d6 6. Be2 Be7 7. O-O O-O 8. Be3 a6 9. f4 Nc6 10. a4 Bd7 11. Kh1 Qc7 12. Qe1 Rfe8 13.
Qg3 Bf8 14. Bd3 Nb4 15. e5 Nfd5 16. Nxd5 exd5 17. exd6 Qxd6 18. Nf5 Bxf5 19. Bxf5 Qf6 20. Qh3 g6 21. Bd3 Nxd3 22. cxd3 Qe6 23. Qxe6 Rxe6 24. Bd4 Bg7 25. f5 Re2 26. f6 Bh6 27. Rfe1 Rae8 28. Rxe2 Rxe2 29. Kg1 Bg5 30. Kf1 Re6 31. Re1 Kf8 32. g3 Ke8 33. h4 Rxe1+ 34. Kxe1 Bh6 35. Ke2 Kd7 36. Be3 Bf8 37. g4 h6 38. Kf3 Ke6 39. g5 hxg5 40. hxg5 Kf5 41. Bd2 Bc5 42. b3 Bg1 43. Kg2 Bd4 44. Kf3 Bb2 45. Kg3 d4 46. Kf3 Bc3 47. Bc1 Be1 48.
Bb2 Bd2 49. Bxd4 Bxg5 50. Bb6 Bxf6 51. Bc7 Be5 52. Bd8 g5 53. Bb6 g4+ 54. Kf2 Ke6 55. Kg2 Kd5 56. Be3 f5 57. Bb6 Bd4 58. Bd8 f4 59. Bc7 f3+ 60. Kf1 Be5 61. Bb6 g3 62. Ba7 Bd4 0-1

[Event "44th Chess Olympiad Open 2022"]
[Site "Chennai"]
[Date "2022.08.02"]
[Round "5.52"]
[White "Mizzi, Jack"]
[Black "Al-Subaihi, Khalil"]
[Result "1/2-1/2"]
[WhiteElo "1913"]
[BlackElo "2141"]
[Annotator "RC"]
[PlyCount "61"]
[EventDate "2022.??.??"]
[TimeControl "60"]

1. d4 Nf6 2. c4 e6 3. g3 d5 4. Bg2 c5 5. cxd5 exd5 6. Nf3 h6 7. O-O Nc6 8. Nc3 Be7 9. dxc5 Bxc5 10. b3 O-O 11. Bb2 Be6 12. Rc1 Bb6 13. Na4 Ne4 14. Nd4 Rc8 15. Nxb6 axb6 16. Nxe6 fxe6 17. Bxe4 dxe4 18. Qxd8 Rfxd8 19. Rfd1 Rd5 20. Rxd5 exd5 21. e3 Rd8 22. b4 Rd7 23. b5 Nb4 24. Bd4 Nxa2 25. Rc8+ Kh7 26. Bxb6 Nb4 27. Bd4 Nd3 28. b6 Rf7 29. Rc7 Kg6 30. Rxf7 Kxf7 31. Kf1 1/2-1/2

[Event "44th Chess Olympiad Open 2022"]
[Site "Chennai"]
[Date "2022.08.02"]
[Round "5.53"]
[White "Lorenzana, Wilson Estuardo"]
[Black "Chiwambo Stansford"]
[Result "1-0"]
[WhiteElo "2182"]
[BlackElo "1913"]
[Annotator "NA RC"]
[PlyCount "55"]
[EventDate "2022.??.??"]
[TimeControl "60"]

1. e4 c5 2. Nf3 d6 3. d4 cxd4 4. Nxd4 Nf6 5. Nc3 a6 6. a3 e5 7. Nf5 Bxf5 8. exf5 d5 9. Bg5 d4 10. Bxf6 Qxf6 11. Nd5 Qc6 12. Qf3 Bd6 13. Bd3 Nd7 14. O-O Rb8 15. Be4 Qc8 16. f6 g6 17. c3 O-O 18.
Qh3 Qd8 19. Qh4 Re8 20. Rad1 Nb6 21. Rd3 Nxd5 22. Bxd5 Bf8 23. c4 b5 24. Rh3 h6 25. Rg3 Kh7 26. Bxf7 g5 27. Qe4+ Kh8 28. Qg6 1-0

[Event "44th Chess Olympiad Open 2022"]
[Site "Chennai"]
[Date "2022.08.02"]
[Round "5.53"]
[White "Mwale, Joseph"]
[Black "Cu Hor, Winston Darwin"]
[Result "0-1"]
[WhiteElo "2131"]
[BlackElo "2328"]
[Annotator "RC"]
[PlyCount "120"]
[EventDate "2022.??.??"]
[TimeControl "60"]

1. Nf3 c5 2. g3 b6 3. Bg2 Bb7 4. d4 cxd4 5. Qxd4 Nf6 6. O-O d6 7. c4 g6 8. Nc3 Bg7 9. Rd1 Nbd7 10. Be3 Rc8 11. Rac1 h6 12. b3 O-O 13. Qd2 Kh7 14. Ng5+ hxg5 15. Bxb7 Rb8 16. Bg2 g4 17. Nb5 a6 18. Nd4 Ne5 19. Nc6 Nxc6 20. Bxc6 Qc8 21. Bg2 Qf5 22. Bg5 Rfc8 23. Qf4 Qxf4 24. Bxf4 Bh6 25. Bxh6 Kxh6 26. e3 Kg7 27. h4 Nd7 28. Bf1 Ne5 29. Be2 Rc7 30. Rd4 f5 31. Rcd1 b5 32. cxb5 axb5 33. a4 Rc2 34. R4d2 Rxd2 35. Rxd2 bxa4 36. bxa4 Rb1+ 37. Rd1 Rb2 38. Bb5 Ra2 39. Kg2 Kf6 40. Rc1 d5 41. Rd1 e6 42. Rc1 Nf3 43. Be8 Nd2 44. Rd1 Nc4 45. Kg1 Nd6 46. Bd7 Ne4 47. Rf1 e5 48. Bc6 d4 49. exd4 exd4 50. Rd1 Ke5 51. Be8 Nxf2 52. Re1+ Kf6 53. Rb1 d3 54. Rb6+ Ke7 55. Bb5 Nh3+ 56. Kf1 Ra1+ 57. Kg2 d2 58. Rb7+ Kf6 59. Be2 Re1 60. Rb6+ Kg7 0-1

[Event "44th Chess Olympiad Open 2022"]
[Site "Chennai"]
[Date "2022.08.02"]
[Round "5.53"]
[White "Giron Chavez David Emanuel"]
[Black "Chimthere, Alfred Charles"]
[Result "1-0"]
[WhiteElo "2115"]
[BlackElo "2035"]
[Annotator "NA RC"]
[PlyCount "135"]
[EventDate "2022.??.??"]
[TimeControl "60"]

1. e4 c6 2. d4 d5 3. e5 Bf5 4. Nf3 e6 5. Be2 c5 6. O-O cxd4 7. Nxd4 Ne7 8.
c4 Nbc6 9. Qa4 dxc4 10. Rd1 Qa5 11. Nb5 Nd5 12. Qxa5 Nxa5 13. N1c3 O-O-O 14. Nxa7+ Kb8 15. Be3 Bd3 16. Bd4 Nxc3 17. Bxc3 Kxa7 18. Bxa5 b6 19. Bc3 Bc5 20. Bxd3 cxd3 21. Rd2 Rd5 22. Rad1 Rhd8 23. g3 Be7 24. Kg2 f5 25. exf6 gxf6 26. f4 e5 27. fxe5 fxe5 28. Re1 Bg5 29. Rdd1 Re8 30. Kf3 h5 31. Ke4 Red8 32. Rf1 Rc5 33. Kf5 Bh6 34. Rfe1 Bg7 35. Kg6 Rd6+ 36. Kf5 Rd8 37. Re4 Ka6 38. Ra4+ Kb7 39. Re4 Ka6 40. Kg6 Rd6+ 41. Kxh5 b5 42. Kg4 Rc4 43. Rxc4 bxc4 44. Kf3 e4+ 45. Kxe4 Bxc3 46. bxc3 Kb5 47. h4 Kc5 48. Kf5 Ra6 49. h5 Rxa2 50. g4 Rh2 51. Kg6 Kd5 52. h6 Ke4 53.
h7 Ke3 54. Kg7 Ke2 55. Ra1 d2 56. h8=Q Rxh8 57. Kxh8 d1=Q 58. Rxd1 Kxd1 59. g5 Kc2 60. g6 Kxc3 61. g7 Kb2 62. g8=Q c3 63. Qb8+ Kc1 64. Qf4+ Kb2 65. Qb4+ Kc2 66. Kg7 Kd3 67. Kf6 c2 68. Qe1 1-0

[Event "44th Chess Olympiad Open 2022"]
[Site "Chennai"]
[Date "2022.08.02"]
[Round "5.53"]
[White "Matola Ernest"]
[Black "Galvez Dastin, Eduardo"]
[Result "1/2-1/2"]
[WhiteElo "1964"]
[BlackElo "2152"]
[Annotator "NA RC"]
[PlyCount "70"]
[EventDate "2022.??.??"]
[TimeControl "60"]

1. Nf3 d5 2. g3 c5 3. Bg2 Nc6 4. O-O e5 5. d3 Nf6 6. Nbd2 Be7 7. e4 dxe4 8.
dxe4 O-O 9. Re1 Qc7 10. c3 Be6 11. Ng5 Bg4 12. Qc2 Rad8 13.
Nc4 h6 14. Nf3 Rfe8 15. Ne3 Be6 16. Nh4 Bf8 17. h3 g6 18.
Nd5 Nxd5 19. exd5 Bxd5 20. Bxd5 Rxd5 21. Nxg6 Bg7 22. Nh4 Ne7 23. Qe4 Qd7 24. g4 Rf8 25. Be3 b6 26. Kh2 Qe6 27. Rg1 Rfd8 28.
Nf5 R5d7 29. Nxe7+ Rxe7 30. g5 hxg5 31. Bxg5 f6 32. Bh4 Rf7 33. Rg6 Qd5 34. Qg4 f5 35. Qg5 Rd6 1/2-1/2

[Event "44th Chess Olympiad Open 2022"]
[Site "Chennai"]
[Date "2022.08.02"]
[Round "5.54"]
[White "Tapia Ostolaza, Alexei"]
[Black "Etienne, Angelo"]
[Result "1/2-1/2"]
[WhiteElo "2201"]
[BlackElo "2036"]
[Annotator "RC"]
[PlyCount "174"]
[EventDate "2022.??.??"]
[TimeControl "60"]

1. Nf3 Nf6 2. g3 g6 3. b3 Bg7 4. Bb2 O-O 5. Bg2 c6 6. O-O d5 7. c4 a5 8. d3 Re8 9. Qc2 Na6 10. Rd1 Bg4 11. Ne5 Nb4 12. Qd2 Be6 13.
a3 Na6 14. Nf3 Bg4 15. Qc2 Bxf3 16. exf3 Qb6 17. f4 Rad8 18. Nd2 Ng4 19. Rf1 Bxb2 20. Qxb2 Nh6 21. Rad1 Nf5 22. Nf3 Nc5 23. cxd5 Rxd5 24. Ne5 Rdd8 25. b4 axb4 26. Qxb4 Qa7 27. Qc4 Nd6 28. Qa2 Ne6 29. Nxf7 Nxf7 30. Qxe6 Qxa3 31. Rb1 Qd6 32. Qc4 Qxd3 33. Qxd3 Rxd3 34. Rxb7 Rc3 35. Rc7 e5 36. Re1 Kf8 37. Bxc6 Re7 38. Rxe7 Kxe7 39. Bd5 Nh6 40. fxe5 Rc5 41. Bg2 Nf7 42. f4 g5 43. e6 Nd8 44. Bh3 h5 45. f5 Nc6 46. Bg2 Ne5 47. h3 g4 48. hxg4 Nxg4 49. Be4 Re5 50.
Kg2 Nh6 51. Rh1 Nxf5 52. Bxf5 Rxf5 53. Re1 Ra5 54. Kh3 Rb5 55. Kh4 Ra5 56. Re4 Rb5 57. Rf4 Kxe6 58. Rf8 Ra5 59. Rh8 Kf6 60. Rxh5 Ra4+ 61. Kh3 Rb4 62. Rh4 Rb5 63. Rc4 Rh5+ 64. Kg4 Rg5+ 65. Kh4 Ra5 66. Rc6+ Kg7 67. g4 Rd5 68. Re6 Rb5 69. Kg3 Rb3+ 70. Kf4 Rb4+ 71. Kg5 Rb5+ 72. Kh4 Ra5 73. Re7+ Kg6 74. Re8 Rb5 75. Rg8+ Kh6 76. g5+ Kh7 77. Rc8 Kg7 78. Kh5 Rb7 79. Rc6 Ra7 80. Rg6+ Kh7 81. Re6 Kg7 82. Kg4 Ra4+ 83. Kf5 Ra5+ 84. Re5 Ra7 85. Re6 Ra5+ 86. Re5 Ra7 87. Re6 Ra5+ 1/2-1/2

[Event "44th Chess Olympiad Open 2022"]
[Site "Chennai"]
[Date "2022.08.02"]
[Round "5.54"]
[White "Leon Archibaldo, Orlando Andres"]
[Black "Gabriel, Davidson"]
[Result "1/2-1/2"]
[WhiteElo "2193"]
[BlackElo "1915"]
[Annotator "RC"]
[PlyCount "174"]
[EventDate "2022.??.??"]
[TimeControl "60"]

1. d4 Nf6 2. Nc3 c5 3. d5 d6 4. e4 e6 5. Bb5+ Bd7 6. dxe6 fxe6 7. e5 dxe5 8. Nf3 a6 9. Bxd7+ Nbxd7 10. O-O Qb6 11. Qe2 Bd6 12. Ng5 Bc7 13. Qc4 Ke7 14. Be3 h6 15. Nge4 Qc6 16. Nxf6 gxf6 17. Qh4 Rag8 18. Ne4 Rg6 19. f3 Kf7 20. Rad1 f5 21. Ng5+ Kg7 22. Nh3 Nf6 23. c4 Rd8 24. Rxd8 Bxd8 25. Qf2 Be7 26. Bd2 Ng8 27. Bc3 Bf6 28. Qe3 Qd6 29. Re1 Ne7 30. Bxe5 Bxe5 31. Qxe5+ Qxe5 32. Rxe5 Kf6 33. Re1 e5 34. Rd1 Ke6 35. Nf2 Rg8 36. Nd3 b6 37. Re1 Nc6 38. Nxe5 Nxe5 39. f4 Rd8 40. Rxe5+ Kf6 41. b3 Rd2 42. Re8 b5 43. Rc8 bxc4 44. Rc6+ Kg7 45. Rxc5 Rxa2 46. bxc4 Kf6 47. h3 Rc2 48. Kh2 a5 49. Rxa5 Rxc4 50. Ra6+ Kg7 51. Kg3 Rb4 52. Ra3 Rc4 53. Rf3 Rc2 54. Rf2 Rc4 55. Kh4 Kg6 56. g3 Ra4 57. Rb2 Ra6 58.
g4 Rf6 59. Rb4 Ra6 60. Rb5 fxg4 61. hxg4 Ra3 62. Rb6+ Kg7 63. f5 Ra1 64. Rg6+ Kh7 65. Rb6 Kg7 66. Rb7+ Kf6 67. Rb6+ Kg7 68. Rb3 Rh1+ 69. Kg3 Ra1 70. Rd3 Rg1+ 71. Kf4 Rf1+ 72. Rf3 Re1 73. Re3 Rf1+ 74. Ke5 Rg1 75. Re4 Kf7 76. Rb4 Re1+ 77. Kf4 Rf1+ 78. Kg3 h5 79. Rb7+ Kf6 80. gxh5 Kg5 81. h6 Rh1 82. h7 Kxf5 83. Ra7 Kg6 84. Kg4 Rxh7 85. Ra6+ Kg7 86. Kg5 Rh1 87. Ra7+ Kg8 1/2-1/2

[Event "44th Chess Olympiad Open 2022"]
[Site "Chennai"]
[Date "2022.08.02"]
[Round "5.54"]
[White "Guillaume, Jude Mirvens"]
[Black "Sanchez Alvarez, Roberto Carlos"]
[Result "0-1"]
[WhiteElo "2022"]
[BlackElo "2431"]
[Annotator "RC"]
[PlyCount "62"]
[EventDate "2022.??.??"]
[TimeControl "60"]

1. d4 Nf6 2. Bf4 g6 3. e3 Bg7 4. Bd3 d6 5. h3 O-O 6. Nf3 Nbd7 7. c3 Qe8 8. e4 e5 9. dxe5 dxe5 10. Be3 Qe7 11. Nbd2 Nc5 12. Bc2 Rd8 13. Qe2 a5 14. Qb5 Nfd7 15. b4 axb4 16. cxb4 Ne6 17. O-O c6 18. Qc4 Nd4 19. Nxd4 exd4 20. Bxd4 Ne5 21. Bxe5 Bxe5 22. Nb3 Be6 23. Qc5 Qxc5 24. Nxc5 Bxa1 25. Rxa1 Rxa2 26. Rxa2 Bxa2 27. Nxb7 Rb8 28. Nd6 Rxb4 29. f3 c5 30. e5 c4 31. Be4 c3 0-1

[Event "44th Chess Olympiad Open 2022"]
[Site "Chennai"]
[Date "2022.08.02"]
[Round "5.54"]
[White "Germinal, Kemly"]
[Black "Ramos Espinoza, Efren Andres"]
[Result "1/2-1/2"]
[WhiteElo "1997"]
[BlackElo "2158"]
[Annotator "NA RC"]
[PlyCount "149"]
[EventDate "2022.??.??"]
[TimeControl "60"]

1. e4 c6 2. d4 d5 3. e5 c5 4. c3 Nc6 5. Be3 Qb6 6. Na3 cxd4 7. cxd4 Bf5 8.
Bb5 e6 9. Qa4 Bxa3 10. bxa3 Nge7 11. Ne2 O-O 12. O-O a6 13. Bxc6 Nxc6 14. Rfc1 Rac8 15. Ng3 Bg6 16. h4 h6 17. Nf1 Na5 18. Qb4 Qb5 19. Rxc8 Rxc8 20. Rc1 Rxc1 21. Bxc1 Qxb4 22. axb4 Nc6 23. Bb2 Nxb4 24. a3 Nd3 25. Bc3 Nc1 26. Bb2 Nb3 27. Bc3 Bd3 28. Nd2 Nc1 29. Bb2 Ne2+ 30. Kh2 Bc2 31. g3 a5 32. Kg2 f6 33. f4 fxe5 34. fxe5 Kf7 35. Kf2 Bd3 36. Nb3 b6 37. Nc1 Nxc1 38. Bxc1 Ke7 39. Ke3 Bc4 40. Kd2 Ke8 41. Ke3 Bb3 42. Kd2 Kd7 43. Kc3 Bd1 44. Kd2 Ba4 45. Kc3 Kc6 46. g4 Bd1 47. g5 h5 48. g6 Bg4 49. Bh6 Bf5 50.
Bxg7 Bxg6 51. a4 Kd7 52. Bf6 Be4 53. Kb3 Bd3 54. Bg5 Bc4+ 55.
Ka3 Be2 56. Bf6 Bd1 57. Bg5 Kc6 58. Be7 Be2 59. Bd8 Bc4 60.
Bf6 Kd7 61. Bg5 Ke8 62. Bf6 b5 63. axb5 Bxb5 64. Bg5 Kf7 65.
Bd8 a4 66. Bb6 Kg6 67. Bc5 Kf5 68. Bd6 Ke4 69. Bc5 Kf3 70. Bd6 Kf4 71. Bc5 Be8 72. Bd6 Ke4 73. Bc5 Kf4 74. Bd6 Ke4 75. Bc5 1/2-1/2

[Event "44th Chess Olympiad Open 2022"]
[Site "Chennai"]
[Date "2022.08.02"]
[Round "5.55"]
[White "Abdulwahhab, Ahmed Abdulsattar A"]
[Black "Aziz, Husain"]
[Result "1/2-1/2"]
[WhiteElo "2251"]
[BlackElo "2380"]
[Annotator "RC"]
[PlyCount "61"]
[EventDate "2022.??.??"]
[TimeControl "60"]

1. e4 e5 2. Nf3 Nc6 3. Bc4 Nf6 4. d3 Be7 5. Nc3 O-O 6. a3 d6 7. h3 Be6 8. O-O Bxc4 9. dxc4 Nd7 10. Nd5 Nc5 11. Re1 Qd7 12. b4 Ne6 13.
Bb2 f6 14. c5 Rad8 15. cxd6 Bxd6 16. c4 b6 17. Qb3 Ncd4 18. Bxd4 exd4 19. c5 bxc5 20. bxc5 Bxc5 21. Nxc7 Qxc7 22. Qxe6+ Qf7 23. Qf5 Bb6 24. a4 d3 25. Red1 Rfe8 26. a5 Bc7 27. Qb5 Qd7 28. Qc4+ Qf7 29. Qb5 Qd7 30. Qc4+ Qf7 31. Qb5 1/2-1/2

[Event "44th Chess Olympiad Open 2022"]
[Site "Chennai"]
[Date "2022.08.02"]
[Round "5.55"]
[White "Ahmed, Ali Layth Ahmed"]
[Black "Yousuf M M Al Mutawa"]
[Result "1-0"]
[WhiteElo "2249"]
[BlackElo "2120"]
[Annotator "RC"]
[PlyCount "71"]
[EventDate "2022.??.??"]
[TimeControl "60"]

1. d4 d5 2. Nf3 Nf6 3. c4 e6 4. e3 Nbd7 5. b3 c5 6. Bd3 b6 7. O-O Bb7 8. Bb2 Bd6 9. cxd5 Nxd5 10. dxc5 bxc5 11. e4 N5b6 12. Bxg7 Rg8 13. Bb2 Qc7 14. Nc3 a6 15. Ne2 h5 16. Ng3 h4 17. Nxh4 Ne5 18. Be2 O-O-O 19. Qc2 Kb8 20. Rac1 Qe7 21. Bxe5 Bxe5 22. Qxc5 Qxc5 23. Rxc5 Bxg3 24. hxg3 Rd2 25. Bh5 Bxe4 26.
Bxf7 Rf8 27. Bxe6 Bd3 28. Nf3 Rxa2 29. Re1 Rb2 30. Rc3 Bb5 31. g4 Be2 32. g5 Nc8 33. Bxc8 Bxf3 34. gxf3 Rxc8 35. Rxc8+ Kxc8 36. g6 1-0

[Event "44th Chess Olympiad Open 2022"]
[Site "Chennai"]
[Date "2022.08.02"]
[Round "5.55"]
[White "Al-Sulaiti, Ghanem"]
[Black "Salih, Akar Ali Salih"]
[Result "0-1"]
[WhiteElo "2183"]
[BlackElo "2243"]
[Annotator "NA RC"]
[PlyCount "79"]
[EventDate "2022.??.??"]
[TimeControl "60"]

1. e4 c5 2. Nf3 d6 3. Bb5+ Nd7 4. c4 Ngf6 5. Nc3 g6 6. d4 cxd4 7. Nxd4 Bg7 8. Be3 a6 9. Bxd7+ Bxd7 10. f3 O-O 11. Rc1 Rc8 12. Qe2 Qa5 13.
O-O e6 14. Rfd1 Qb4 15. b3 e5 16. a3 Qa5 17. b4 Qxa3 18. Nb1 Qxb4 19. Nc2 Qxc4 20. Qf2 Ba4 21. Nca3 Qb4 22. Bd2 Qb2 23. Re1 d5 24. Qh4 dxe4 25. Bc3 Qb6+ 26. Kh1 exf3 27. Qxa4 Qf2 28. Rg1 Nd5 29. Qe4 Nf4 30. gxf3 f5 31. Qxb7 Rb8 32. Qc6 Rfc8 33. Be1 Qe2 34. Qxc8+ Rxc8 35. Rxc8+ Bf8 36. Nd2 Nd3 37. Bh4 Qxd2 38. Rb1 Nf4 39. Rc2 Qd3 40. Bg5 0-1

[Event "44th Chess Olympiad Open 2022"]
[Site "Chennai"]
[Date "2022.08.02"]
[Round "5.55"]
[White "Erfan Mohamad Firdaus"]
[Black "Mohammed, Zozek Salah Mohamme"]
[Result "0-1"]
[WhiteElo "1294"]
[BlackElo "2232"]
[Annotator "NA RC"]
[PlyCount "68"]
[EventDate "2022.??.??"]
[TimeControl "60"]

1. e4 e6 2. d4 d5 3. Nd2 c5 4. exd5 Qxd5 5. Ngf3 cxd4 6. Bc4 Qd6 7. O-O Nf6 8. Nb3 Nc6 9. Nbxd4 Nxd4 10. Qxd4 Qxd4 11. Nxd4 Bd7 12. Bf4 Rc8 13. Bb3 Bc5 14. Rad1 O-O 15. Rfe1 b5 16. Bg5 a5 17. a3 a4 18. Ba2 b4 19. axb4 Bxb4 20. c3 Bc5 21. Nf3 Rfd8 22. Ne5 Be8 23.
Be3 Bxe3 24. fxe3 Rb8 25. Nc4 Bc6 26. Na5 Be4 27. b4 axb3 28.
Bxb3 Rdc8 29. Rc1 Rc5 30. Ra1 Rbb5 31. Red1 h5 32. Rd8+ Kh7 33. c4 Rxa5 34. Rxa5 Rxa5 0-1

[Event "44th Chess Olympiad Open 2022"]
[Site "Chennai"]
[Date "2022.08.02"]
[Round "5.56"]
[White "Khusenkhojaev, Mustafokhuja"]
[Black "Sanches, Casanova Romario"]
[Result "1-0"]
[WhiteElo "2238"]
[BlackElo "2066"]
[Annotator "NA RC"]
[PlyCount "99"]
[EventDate "2022.??.??"]
[TimeControl "60"]

1. d4 Nf6 2. Nf3 g6 3. c4 Bg7 4. Nc3 O-O 5. g3 d6 6. Bg2 Nc6 7. O-O e5 8. d5 Ne7 9. e4 a5 10. Be3 Ng4 11. Bd2 f5 12. exf5 Nxf5 13.
h3 Nf6 14. Ng5 Nd4 15. Ne2 Nxe2+ 16. Qxe2 h6 17. Ne6 Bxe6 18.
dxe6 c6 19. f4 Qe7 20. fxe5 Qxe6 21. Qd3 Qxe5 22. Rae1 Qh5 23. g4 Nxg4 24. hxg4 Qxg4 25. Bc3 Bxc3 26. Qxc3 Rxf1+ 27. Rxf1 Re8 28. Qf6 Qe6 29. b3 Qe3+ 30. Kh2 Qe5+ 31. Kh1 Qe6 32. Qf2 Qe7 33. Qf4 Rf8 34. Qxh6 Rxf1+ 35. Bxf1 Qe4+ 36. Bg2 Qe1+ 37. Kh2 Qe5+ 38. Kh3 Qf5+ 39. Kg3 g5 40. Qxd6 Kf7 41. Bf3 Kg7 42. Qd4+ Kf8 43. Qe4 Qxe4 44. Bxe4 Ke7 45. Bf5 Kd6 46. Kg4 Kc5 47. Bc8 b5 48. cxb5 cxb5 49. a4 Kb4 50. Bd7 1-0

[Event "44th Chess Olympiad Open 2022"]
[Site "Chennai"]
[Date "2022.08.02"]
[Round "5.56"]
[White "Ilkhomi, Jaloliddin"]
[Black "Matoewi, Roger"]
[Result "1-0"]
[WhiteElo "2076"]
[BlackElo "2015"]
[Annotator "NA RC"]
[PlyCount "127"]
[EventDate "2022.??.??"]
[TimeControl "60"]

1. d4 d5 2. Bf4 Nf6 3. e3 c6 4. Nd2 Qb6 5. Rb1 Bf5 6. Bd3 Bxd3 7. cxd3 Nbd7 8. Ngf3 e6 9. O-O Nh5 10. Be5 f6 11. Bg3 Nxg3 12. hxg3 Bd6 13. b4 O-O 14. Qb3 Kh8 15. e4 a6 16. a4 Qc7 17. Rfc1 b5 18. Qc3 Rfc8 19. a5 Qd8 20. e5 Be7 21. exf6 gxf6 22. Re1 Nf8 23. Nb3 Ra7 24. Re2 Bd6 25. Nc5 Bxc5 26. Qxc5 Qe7 27. Rc1 Qxc5 28. Rxc5 Kg7 29. Rc1 Kf7 30. Nd2 Rac7 31. f4 Nd7 32. Kf2 Re8 33. Rh1 Kg7 34. g4 Rcc8 35. Nf3 h6 36. g5 hxg5 37. fxg5 Re7 38. gxf6+ Nxf6 39. Ng5 e5 40. dxe5 Ng4+ 41. Kg3 Rxe5 42. Rxe5 Nxe5 43. Ne6+ Kf6 44. Nc5 Rg8+ 45. Kf2 Ng4+ 46. Ke2 Ne5 47. d4 Nc4 48. Rh6+ Ke7 49. Kf2 Rg4 50. Re6+ Kf7 51. Rxc6 Rxd4 52. Rxa6 Ne5 53. Ra7+ Kg6 54. Re7 Kf6 55. Re6+ Kf5 56. Ke3 Rc4 57. a6 d4+ 58. Kd2 Rc3 59. a7 Nc4+ 60. Kd1 Nb2+ 61. Ke1 Ra3 62. Ra6 Re3+ 63. Kf2 Nd1+ 64. Kf1 1-0

[Event "44th Chess Olympiad Open 2022"]
[Site "Chennai"]
[Date "2022.08.02"]
[Round "5.56"]
[White "Gajadin, Dewperkash"]
[Black "Karimov, Alisher"]
[Result "0-1"]
[WhiteElo "1990"]
[BlackElo "2234"]
[Annotator "NA RC"]
[PlyCount "94"]
[EventDate "2022.??.??"]
[TimeControl "60"]

1. e4 c5 2. Nf3 Nc6 3. d4 cxd4 4. Nxd4 Nf6 5. Nc3 g6 6.
Nxc6 dxc6 7. Qxd8+ Kxd8 8. Bf4 Ke8 9. a4 b6 10. Bc4 Bg7 11. Be5 Rg8 12. Ke2 Bh6 13. h3 Nd7 14. Bd4 Bb7 15. Rhd1 Bf4 16. g3 Bc7 17. f4 g5 18. Rg1 e5 19. fxe5 Nxe5 20. Bxe5 Bxe5 21. Rad1 Bc8 22. g4 h5 23. Kf3 Rh8 24. Rh1 Rh6 25. gxh5 Rxh5 26. Kg2 Ke7 27. Ne2 Rh4 28. Ng3 Bxb2 29. Be2 Be5 30. Nf5+ Bxf5 31. exf5 Rxa4 32. Bf3 Rc4 33. Rd2 Rd8 34. f6+ Bxf6 35. Re1+ Kf8 36. Ree2 Rxd2 37. Rxd2 Be5 38. Be2 Rc3 39. Bd3 a5 40. Re2 f6 41. Kf3 Ke7 42. Kg4 a4 43. Re4 b5 44. Kf5 a3 45. h4 gxh4 46. Rxh4 a2 47. Rh7+ Kd6 0-1

[Event "44th Chess Olympiad Open 2022"]
[Site "Chennai"]
[Date "2022.08.02"]
[Round "5.56"]
[White "Kalidjo, Imaan"]
[Black "Sharifov, Mekhriddin"]
[Result "0-1"]
[WhiteElo "1819"]
[BlackElo "2097"]
[Annotator "NA RC"]
[PlyCount "128"]
[EventDate "2022.??.??"]
[TimeControl "60"]

1. c4 Nf6 2. g3 c6 3. Bg2 d5 4. d4 Bg4 5. h3 Bf5 6. Nc3 e6 7. Qb3 Qb6 8. Nf3 Be7 9. O-O O-O 10. Qxb6 axb6 11. Ne5 h6 12. g4 Bh7 13. g5 hxg5 14. Bxg5 Bb4 15. a3 Bxc3 16. bxc3 Ne4 17. Bxe4 Bxe4 18. Be7 Re8 19. Bd6 Na6 20. c5 bxc5 21. dxc5 Rad8 22. Nd3 b6 23. Nb4 Nxc5 24. Bxc5 bxc5 25. Nxc6 Rd6 26. Ne5 Ra8 27. Ra2 Ra4 28. Kh2 f6 29. Ng4 Rb6 30. f3 Bg6 31. Rg1 Kf7 32. Nf2 Rb3 33. Nd1 Raxa3 34. Rd2 Bh5 35. Kg3 Ra1 36. Kf2 g5 37. Rb2 c4 38. Re1 Bg6 39. Rd2 Ke7 40. h4 gxh4 41. Rg1 Rbb1 42. Rxg6 Rxd1 43. Rxd1 Rxd1 44. Rg4 Rc1 45. Rxh4 Rxc3 46. Ke1 Rc2 47. Kd1 Ra2 48. Rd4 Kd6 49. Rf4 Ke5 50. Rh4 d4 51. Re4+ Kd5 52. Rf4 f5 53. Rh4 Kc5 54. Rh6 Kd5 55.
Rh8 Ra6 56. Kd2 e5 57. Rh5 Ra2+ 58. Kd1 Ra1+ 59. Kd2 c3+ 60. Kc2 Re1 61. Rxf5 Rxe2+ 62. Kb3 Rb2+ 63. Ka3 Rb7 64. f4 Kc4 0-1

[Event "44th Chess Olympiad Open 2022"]
[Site "Chennai"]
[Date "2022.08.02"]
[Round "5.57"]
[White "Lee, Jun Hyeok"]
[Black "Mirzaad, S.wahabuddin"]
[Result "1-0"]
[WhiteElo "2390"]
[BlackElo "1999"]
[Annotator "RC"]
[PlyCount "61"]
[EventDate "2022.??.??"]
[TimeControl "60"]

1. e4 d5 2. exd5 Qxd5 3. Nc3 Qa5 4. d4 c6 5. Nf3 Nf6 6. Bc4 Bg4 7. h3 Bxf3 8. Qxf3 Nbd7 9. Bd2 Qb6 10. O-O-O e6 11. Rhe1 Be7 12. Bf4 O-O 13. g4 Rfe8 14. g5 Nd5 15. Ne4 Qd8 16. h4 b5 17. Bd3 Nb4 18.
a3 Nxd3+ 19. Rxd3 Nb6 20. Rg1 Nd5 21. Be5 Bf8 22. h5 a5 23. g6 f6 24. gxh7+ Kh8 25. h6 Ra7 26. Bh2 g5 27. Nxf6 Nxf6 28. Be5 Rf7 29. Qh5 Rxh7 30. Rf3 Be7 31. Rxf6 1-0